 Dungeon Crawl Stone Soup version 0.24-a0-408-gcc1054c7ca (webtiles) character file.

Game seed: 2051665747504822539

86 Gladaed the Vandal (level 4, -6/29 HPs)
             Began as a Halfling Hunter on June 5, 2019.
             Killed from afar by an orc wizard (10 damage)
             ... with a magic dart
             ... on level 3 of the Dungeon.
             The game lasted 00:08:46 (2393 turns).

Gladaed the Vandal (Halfling Hunter)                Turns: 2393, Time: 00:08:48

Health: -6/29      AC:  3    Str: 13    XL:     4   Next: 77%
Magic:  4/4        EV: 15    Int:  9    God:
Gold:   79         SH:  0    Dex: 15    Spells: 3/3 levels left

rFire    . . .     SeeInvis .   b - +0 short sword
rCold    . . .     Gourm    .   (shield restricted)
rNeg     . . .     Faith    .   c - +0 leather armour
rPois    .         Spirit   .   (no helmet)
rElec    .         Reflect  .   (no cloak)
rCorr    .         Harm     .   (no gloves)
MR       .....                  (no boots)
Stlth    ++........             (no amulet)
HPRegen  0.09/turn              (no ring)
MPRegen  0.09/turn              (no ring)

@: no status effects
A: small, mutation resistance 1
a: no special abilities


You were on level 3 of the Dungeon.
You were not hungry.

You visited 1 branch of the dungeon, and saw 3 of its levels.

You collected 79 gold pieces.

Inventory:

Hand Weapons
 a - a +1 hunting sling
 b - a +0 short sword (weapon)
Missiles
 d - 57 sling bullets
 i - 83 stones (quivered)
 l - 6 atropa-tipped darts
 n - 24 bolts
 o - 29 poisoned darts
Armour
 c - a +0 leather armour (worn)
Jewellery
 j - a +3 amulet of reflection {unknown}
Scrolls
 g - a scroll of enchant armour {unknown}
 h - a scroll of remove curse {unknown}
 k - 4 scrolls of identify {unknown}
Potions
 e - 2 potions of curing {unknown}
 m - 2 potions of flight {unknown}
 p - a potion of invisibility {unknown}
 q - a potion of might {unknown}
Comestibles
 f - a ration


   Skills:
 + Level 2.2 Fighting
 * Level 2.1 Short Blades
 + Level 6.5(6.6) Slings
 + Level 0.5(2.8) Throwing
 + Level 2.8 Dodging
 + Level 2.1 Stealth


You had 3 spell levels left.
You didn't know any spells.
Your spell library was empty.

Dungeon Overview and Level Annotations

Branches:
Dungeon (3/15)

Altars:


Innate Abilities, Weirdness & Mutations

You are small and have problems with some larger weapons.
You are somewhat resistant to further mutation.


Message History

The orc wizard gestures at you while chanting.
The magic dart hits you.
You closely miss the orc wizard.
The orc wizard is almost dead.
The orc wizard points at you and mumbles some strange words.
The magic dart hits you!
* * * LOW HITPOINT WARNING * * *
The orc wizard barely misses you.
You are too injured to fight recklessly!
You closely miss the orc wizard.
The orc wizard is almost dead.
The orc wizard misses you.
You hit the orc wizard but do no damage.
The orc wizard is almost dead.
The orc wizard casts a spell at you. The magic dart hits you.
* * * LOW HITPOINT WARNING * * *
The orc wizard points at you and mumbles some strange words.
The magic dart hits you!
You die...

#.# #.# #.# #.#
# #.# #. #.#
#.### #.# #.o.#
#.#
##@#########.#
#....รท...)...#
#.(###########
.(...# ####.##
#. #. #.


You could see an orc wizard.

Vanquished Creatures
  3 adders
  A worm (D:3)
  A dart slug (D:1)
  2 orcs (D:3)
  7 bats
  2 giant cockroaches (D:2)
  8 goblins
  5 hobgoblins
  7 jackals
  A ball python (D:1)
  6 kobolds
  A rat (D:1)
44 creatures vanquished.

Notes
Turn   | Place    | Note
-------+----------+-------------------------------------------
     0 | D:1      | Gladaed the Halfling Hunter began the quest for the Orb.
     0 | D:1      | Reached XP level 1. HP: 14/14 MP: 1/1
    62 | D:1      | Reached skill level 6 in Slings
   133 | D:1      | Reached XP level 2. HP: 16/19 MP: 2/2
   458 | D:1      | Reached skill level 1 in Short Blades
   519 | D:1      | Reached XP level 3. HP: 24/24 MP: 3/3
  1825 | D:3      | Reached XP level 4. HP: 22/29 MP: 4/4
  2393 | D:3      | Killed from afar by an orc wizard

Levels and vault maps discovered:
D:1:      tarquinn_simple_flora_water_c, layout_loops_corners, serial_rivers,
          chequers_serial_rivers_room_b, chequers_serial_rivers_micro_a,
          chequers_serial_rivers_micro_b, chequers_serial_rivers_small_b,
          chequers_serial_rivers_micro_c, chequers_serial_rivers_micro_c,
          palyth_stone_intersect, minmay_misc_feat_ornament
D:2:      layout_basic
D:3:      layout_loops_ring, st_stairs_8, minmay_diced_spiral

Skill      XL: |  1  2  3  4 |
---------------+-------------+-----
Slings         | 6 |  6.5
Short Blades   | 1 2 |  2.1
Fighting       | 2 |  2.2
Stealth        | 2 |  2.1
Throwing       | |  0.5
Dodging        | |  2.8

Action                   |  1- 3 |  4- 6 || total
-------------------------+-------+-------++-------
Melee: Short sword       |   146 |    67 ||   213
 Fire: Hunting sling     |       |    10 ||    10
Throw: Stone             |     6 |       ||     6
 Stab: Sleeping          |     3 |       ||     3
  Eat: Chunk             |     3 |     2 ||     5
Armor: Leather armour    |    25 |    14 ||    39
Dodge: Dodged            |   111 |    65 ||   176

Table legend:
 A = Non-vault XP
 B = Vault XP
 C = Vault XP percentage of total XP
 D = Non-vault monster count
 E = Vault monster count
 F = Vault count percentage of total count
                 A         B        C        D         E       F
            +---------+---------+-------+---------+---------+-------
      Total |      94 |      29 |  23.6 |      41 |       3 |   6.8
            +---------+---------+-------+---------+---------+-------
        D:1 |      44 |       0 |   0.0 |      24 |       0 |   0.0
        D:2 |      20 |      13 |  39.4 |      10 |       1 |   9.1
        D:3 |      30 |      16 |  34.8 |       7 |       2 |  22.2
            +---------+---------+-------+---------+---------+-------
